Map: 골든 월 - 래더

Players

llllllllllll (sOs) - Winner!

  • Race: Protoss Protoss
  • League: Master
  • Spawn Location: 5:00

AgoElazer (Elazer)

  • Race: Zerg Zerg
  • Spawn Location: 7:00

Event: War Chest Team League

VOD

Have the link to the VOD?

Description

Time

  • Played on: July 24, 2020, 9:08 a.m.
  • Length: 7:58
Show
View Real Time Build Order
Export as new Build Order

llllllllllll Protoss - Winner!

Build Orders: 1 Gate Expand, Mass Adepts 

Get SALT Encoding   

  12  0:00  Probe  
  13  0:13  Probe  
  14  0:17  Pylon  
  14  0:24  Probe  
  15  0:32  Probe  
  15  0:39  Gateway  
  15  0:40  Probe  
  16  0:47  Assimilator  
  17  0:51  Probe  
  18  1:03  Probe  
  19  1:15  Probe  
  20  1:29  Cybernetics Core  
  20  1:32  Nexus  
  20  1:38  Pylon  
  20  1:42  Probe  
  20  1:46  Assimilator  
  21  1:54  Probe  
  22  1:55  Adept  
  22  2:05  Warp Gate  
  22  2:06  Probe  
  25  2:15  Adept  
  25  2:18  Probe  
  26  2:29  Twilight Council  
  28  2:30  Probe  
  29  2:40  Probe  
  29  2:46  Stalker  
  29  2:48  Probe x2  
  33  2:58  Robotics Facility  
  34  3:00  Probe x2  
  34  3:03  Resonating Glaives  
  36  3:25  Gateway  
  36  3:29  Adept  
  38  3:38  Probe x2  
  40  3:42  Gateway  
  40  3:43  Gateway  
  40  3:44  Warp Prism  
  42  3:52  Pylon  
  42  3:57  Shield Battery  
  42  4:03  Probe x2  
  42  4:09  Adept  
  46  4:11  Pylon  
  46  4:16  Probe  
  47  4:20  Observer  
  47  4:30  Pylon  
  48  4:32  Probe  
  48  4:35  Adept x2  
  48  4:36  Adept  
  48  4:37  Adept  
  57  4:40  Assimilator  
  57  4:43  Probe  
  57  4:44  Probe  
  58  4:58  Adept  
  58  4:59  Adept x3  
  66  5:02  Pylon, Probe x2  
  66  5:05  Assimilator  
  68  5:24  Adept x4  
  68  5:26  Probe x2  
  68  5:33  Dark Shrine  
  66  5:38  Probe x2  
  66  5:42  Observer  
  68  5:50  Adept x4, Probe  
  71  5:58  Probe  
  71  6:02  Probe  
  69  6:12  Adept x4  
  69  6:17  Probe  
  69  6:18  Pylon  
  78  6:20  Observer  
  78  6:23  Pylon  
  76  6:31  Nexus  
  72  6:38  Adept x4  
  80  6:48  Pylon  
  80  7:00  Dark Templar x4  
  88  7:05  Immortal  
  89  7:09  Probe x2  
  81  7:30  Probe x2  
  81  7:44  Probe x2  
  77  7:46  Gateway  
  77  7:48  Gateway  
  77  7:49  Robotics Bay  
Show
View Real Time Build Order
Export as new Build Order

AgoElazer Zerg 

Build Orders: Hatch First 

Get SALT Encoding   

  12  0:00  Drone  
  13  0:12  Overlord  
  13  0:17  Drone  
  14  0:31  Drone x2  
  16  0:49  Hatchery  
  15  0:52  Drone  
  15  0:55  Drone  
  17  0:59  Drone  
  18  1:09  Extractor  
  17  1:14  Spawning Pool  
  17  1:17  Drone  
  17  1:21  Drone  
  18  1:29  Drone  
  19  1:40  Drone  
  20  1:50  Drone  
  21  2:04  Queen x2  
  21  2:07  Zergling x2  
  26  2:08  Overlord  
  26  2:13  Drone x2  
  28  2:27  Zergling x2  
  28  2:28  Drone  
  30  2:32  Drone  
  30  2:33  Metabolic Boost  
  30  2:34  Drone  
  32  2:40  Hatchery  
  31  2:45  Drone x2  
  33  2:57  Drone  
  33  2:58  Drone  
  35  3:05  Overlord  
  35  3:06  Queen  
  35  3:07  Extractor  
  37  3:17  Overlord  
  37  3:24  Zergling x10  
  41  3:28  Zergling x2  
  39  3:38  Overlord  
  38  3:42  Drone  
  38  3:47  Drone  
  40  3:49  Drone x4  
  40  3:54  Drone  
  45  3:58  Roach Warren  
  45  3:59  Queen  
  45  4:00  Drone x2  
  48  4:03  Overlord  
  48  4:09  Drone  
  49  4:12  Overlord  
  49  4:14  Drone  
  49  4:15  Drone  
  49  4:16  Drone x2  
  53  4:20  Drone x2  
  53  4:23  Overlord  
  55  4:29  Zergling x6  
  58  4:33  Zergling x2  
  58  4:37  Zergling x4  
  61  4:42  Roach x2  
  61  4:43  Roach  
  61  4:45  Overlord  
  67  4:47  Roach  
  67  4:49  Roach  
  67  4:51  Roach  
  73  4:55  Roach x2  
  73  4:57  Roach  
  79  5:01  Roach  
  79  5:03  Overlord  
  81  5:18  Roach x2  
  81  5:25  Zergling x24  
  81  5:37  Zergling x6  
  84  5:46  Overlord  
  84  5:50  Drone x4  
  86  5:57  Drone  
  86  6:00  Spore Crawler  
  86  6:01  Lair, Spore Crawler  
  84  6:07  Drone x6  
  88  6:13  Drone x5  
  88  6:14  Spore Crawler  
  91  6:19  Roach x2  
  91  6:23  Extractor, Overlord  
  94  6:28  Roach  
  94  6:29  Overlord  
  94  6:32  Roach  
  96  6:38  Extractor  
  96  6:39  Overlord  
  95  6:41  Roach  
  95  6:45  Extractor  
  97  6:47  Zergling x12  
  97  6:50  Hatchery  
  97  6:52  Drone x4  
  105  7:02  Zergling x6  
  105  7:07  Overlord  
  102  7:14  Zergling x2  
  102  7:15  Zergling x14  
  90  7:24  Overlord  
  90  7:25  Overseer  
  82  7:33  Drone x5  
Tags
 
Add a new tag
Caveats
  • Supply blocks, unpowered buildings, or Contaminate may cause inaccurate times.
  • Supply counts are checked every 10 seconds.